 Dungeon Crawl Stone Soup version 0.23.0-3-gf3c87f2 (webtiles) character file.

Game seed: 3692967158745931651

4751 Lanoc the Cleaver (level 10, 0/72 HPs)
             Began as an Octopode Gladiator on Feb 24, 2019.
             Was a Believer of Qazlal.
             Slain by a troll (3 damage)
             ... on level 9 of the Dungeon.
             The game lasted 00:18:53 (9309 turns).

Lanoc the Cleaver (Octopode Gladiator)              Turns: 9309, Time: 00:18:54

Health: 0/72       AC:  3    Str: 14    XL:     10   Next: 46%
Magic:  19/19      EV: 20    Int: 10    God:    Qazlal [**....]
Gold:   521        SH:  0    Dex: 23    Spells: 8/9 levels left

rFire    . . .     SeeInvis .   g - +2 war axe (flame)
rCold    + . .     Gourm    .   (no shield)
rNeg     . . .     Faith    .   p - +2 hat
rPois    .         Spirit   .   y - +3 amulet of reflection
rElec    .         Reflect  +   s - ring of magical power
rCorr    .         Harm     .   w - +3 ring of dexterity
MR       .....                  n - ring "Wotsuino" {+Fly rC+ Dex+3}
Stlth    ++........             (no ring)
HPRegen  0.22/turn              (no ring)
MPRegen  0.16/turn              (no ring)
                                (no ring)
                                (no ring)

@: confused
A: almost no armour, stealthy swim, amphibious, 8 rings, constrict 8, camouflage
1, gelatinous body 1
a: Upheaval, Renounce Religion, Evoke Flight


You were on level 9 of the Dungeon.
You worshipped Qazlal.
Qazlal was pleased with you.
You were not hungry.

You visited 2 branches of the dungeon, and saw 10 of its levels.
You also visited: Sewer.

You collected 521 gold pieces.

Inventory:

Hand Weapons
 g - a +2 war axe of flaming (weapon)
Missiles
 c - 3 throwing nets (quivered)
Armour
 p - a +2 hat (worn)
Jewellery
 n - the ring "Wotsuino" (on tentacle) {+Fly rC+ Dex+3}
   (You took it off an orc warrior on level 8 of the Dungeon)

   [ring of dexterity]

   It affects your dexterity (+3).
   It protects you from cold.
   It lets you fly.
 s - a ring of magical power (left tentacle)
 w - a +3 ring of dexterity (right tentacle)
 y - a +3 amulet of reflection (around mantle)
Wands
 a - a wand of flame (28)
 r - a wand of acid (9)
 v - a wand of paralysis (1)
 x - a wand of enslavement (3)
 C - a wand of disintegration (16)
Scrolls
 e - 4 scrolls of enchant armour {unknown}
 f - 8 scrolls of magic mapping
 h - 2 scrolls of fog {unknown}
 i - 4 scrolls of blinking {unknown}
 j - 3 scrolls of fear {unknown}
 k - 2 scrolls of random uselessness {unknown}
 o - 2 scrolls of teleportation {unknown}
 q - 4 scrolls of remove curse
 B - 2 scrolls of enchant weapon {unknown}
Potions
 b - a potion of berserk rage {unknown}
 l - 3 potions of curing
 m - 2 potions of might {unknown}
 t - 4 potions of flight {unknown}
 z - a potion of brilliance
 A - a potion of cancellation {unknown}
Comestibles
 d - 13 rations


   Skills:
 + Level 7.8 Fighting
 * Level 11.0 Axes
 - Level 2.0 Throwing
 + Level 8.1 Dodging


You had 8 spell levels left.
You knew the following spells:

 Your Spells              Type           Power        Failure   Level  Hunger
a - Summon Butterflies    Summ           #.......     36%         1    ##.....

Your spell library contained the following spells:

 Spells                   Type           Power        Failure   Level  Hunger
 Summon Lightning Spire   Summ/Air       #.......     98%         4    #####..
 Silence                  Hex/Air        #.........   100%        5    ######.
 Conjure Ball Lightning   Conj/Air       #.........   100%        6    #######
 Deflect Missiles         Chrm/Air       #.........   100%        6    #######
 Tornado                  Air            #.........   100%        9    #######


Dungeon Overview and Level Annotations

Branches:
Dungeon (9/15)             Temple (1/1) D:7
   Lair: D:8-11         Orc: D:9-12

Altars:
Ashenzari
Cheibriados
Dithmenos
Elyvilon
Fedhas
Gozag
Hepliaklqana
Kikubaaqudgha
Makhleb
Nemelex Xobeh
Okawaru
Qazlal
Ru
Sif Muna
Trog
Uskayaw
Vehumet
Wu Jian
Xom
Yredelemnul
Zin
The Shining One

Shops:
D:7 %}}(

Annotations:
D:8 exclusion: ice statue


Innate Abilities, Weirdness & Mutations

You cannot wear most types of armour.
You are very stealthy in the water. (Stealth+)
You are amphibious.
You can wear up to eight rings at the same time.
You can use your tentacles to constrict eight enemies at once.
Your skin changes colour to match your surroundings (Stealth+).
Your rubbery body absorbs attacks. (AC +1, EV +1)


Message History

The troll is heavily wounded.
The troll completely misses you. The troll claws you!
* * * LOW HITPOINT WARNING * * *
The troll claws you.
* * * LOW HITPOINT WARNING * * *
Okay, then.
You are confused.
You feel invigorated. The troll barely misses you.
The troll completely misses you. The troll closely misses you.
You hit the troll. You burn the troll. You squeeze the troll!
The troll is almost dead.
The troll bites you!
* * * LOW HITPOINT WARNING * * *
The troll barely misses you. The troll misses you.
You closely miss the troll. Your squeeze misses the troll.
The troll is almost dead.
The troll bites you!
* * * LOW HITPOINT WARNING * * *
The troll claws you.
You die...

. ############# .
#..........<# .
#.########### .######
#.......>..# ......#
##########.# ......# #.#
......######+### #.#
.....[.......[[########.##
....5.........5T@........#
..)...........)###########
..)....<....####
............#
).).........#
............#
............#
.(..........#
............#


You could see a troll and a quasit.

Vanquished Creatures
  A kobold demonologist (D:8)
  Prince Ribbit (D:7)
  2 hippogriffs
  A vampire (D:7)
  Sigmund (D:3)
  A water moccasin (D:7)
  Duvessa (D:5)
  2 phantoms
  3 sky beasts
  3 orc warriors
  An ice beast (D:6)
  An ogre (D:8)
  2 centaurs (D:6)
  A crocodile (D:8)
  10 big kobolds
  7 bullfrogs
  Dowan (D:5)
  A scorpion (D:6)
  A howler monkey (D:4)
  6 orc priests
  4 hounds
  A jelly (D:8)
  8 orc wizards
  A quasit (D:8)
  2 bullfrog skeletons (D:8)
  An iguana (D:8)
  A centaur skeleton (D:4)
  4 worker ants
  A worker ant zombie (D:8)
  A river rat (D:4)
  12 adders
  3 shadow imps
  2 worms (D:2)
  6 leopard geckos
  21 orcs
  3 ball pythons
  7 bats
  8 giant cockroaches
  5 goblins
  3 hobgoblins
  19 jackals
  14 kobolds
  14 frilled lizards
  11 rats
199 creatures vanquished.

Notes
Turn   | Place    | Note
-------+----------+-------------------------------------------
     0 | D:1      | Lanoc the Octopode Gladiator began the quest for the Orb.
     0 | D:1      | Reached XP level 1. HP: 14/14 MP: 1/1
   446 | D:1      | Reached XP level 2. HP: 19/19 MP: 2/2
   829 | D:2      | Reached XP level 3. HP: 4/25 MP: 3/3
  1564 | D:2      | Reached skill level 4 in Axes
  1634 | D:3      | Reached XP level 4. HP: 30/30 MP: 4/4
  1957 | D:3      | Found a hazy altar of Hepliaklqana.
  2017 | D:3      | Found a bloodstained altar of Trog.
  2246 | D:3      | Noticed Sigmund
  2254 | D:3      | Reached XP level 5. HP: 16/36 MP: 5/5
  2257 | D:3      | Killed Sigmund
  2257 | D:3      | Reached skill level 5 in Axes
  2257 | D:3      | Reached XP level 6. HP: 19/42 MP: 6/6
  2681 | D:4      | Found a glowing drain.
  2717 | Sewer    | Entered a sewer
  2831 | Sewer    | Reached XP level 7. HP: 47/47 MP: 7/7
  3094 | D:4      | Reached skill level 6 in Axes
  3362 | D:4      | Found a deep blue altar of Sif Muna.
  3375 | D:4      | Identified Sif Muna's Almanac of Calling
  3382 | D:4      | Learned a level 1 spell: Summon Butterflies
  3505 | D:4      | Reached skill level 5 in Dodging
  3658 | D:5      | Entered Level 5 of the Dungeon
  3663 | D:5      | Noticed Duvessa
  3668 | D:5      | Noticed Dowan
  3673 | D:5      | Killed Duvessa
  3681 | D:5      | Killed Dowan
  3681 | D:5      | Reached XP level 8. HP: 33/54 MP: 8/8
  3922 | D:5      | Reached skill level 7 in Axes
  4141 | D:5      | Reached skill level 5 in Fighting
  4983 | D:6      | Reached skill level 8 in Axes
  5188 | D:6      | Found a stormy altar of Qazlal.
  5290 | D:6      | Became a worshipper of Qazlal Stormbringer
  5340 | D:6      | Reached XP level 9. HP: 45/62 MP: 9/9
  5801 | D:6      | Found a glowing golden altar of the Shining One.
  6127 | D:7      | Found an opulent altar of Gozag.
  6170 | D:7      | Reached skill level 9 in Axes
  6245 | D:7      | Found Xihol's Weapon Emporium.
  6246 | D:7      | Noticed Prince Ribbit
  6247 | D:7      | Found Bymi's Gadget Shoppe.
  6262 | D:7      | Killed Prince Ribbit
  6535 | D:7      | Found Gofusur's Food Shoppe.
  6814 | D:7      | Found a staircase to the Ecumenical Temple.
  6823 | Temple   | Entered the Ecumenical Temple
  6969 | D:7      | Found Mebre's Gadget Shoppe.
  7208 | D:8      | Noticed a two-headed ogre
  7298 | D:8      | Noticed an ice statue
  7391 | D:8      | Reached * piety under Qazlal
  7393 | D:8      | Reached skill level 10 in Axes
  7595 | D:8      | Found a shadowy altar of Dithmenos.
  7598 | D:8      | Identified the ring "Wotsuino" {+Fly rC+ Dex+3}
  8153 | D:8      | Noticed a kobold demonologist
  8157 | D:8      | Noticed a rust devil
  8158 | D:8      | Reached XP level 10. HP: 69/71 MP: 10/10
  8165 | D:8      | Noticed a soul eater
  8171 | D:8      | Killed a kobold demonologist
  8654 | D:9      | Reached ** piety under Qazlal
  8798 | D:9      | Reached skill level 11 in Axes
  9309 | D:9      | HP: 3/72 [troll (15)]
  9309 | D:9      | Slain by a troll

Skill      XL: |  1  2  3  4  5  6  7  8  9 10 |
---------------+-------------------------------+-----
Axes           | 4 5 6 8 10 11 | 11.0
Fighting       | 3 4 5 7 |  7.8
Dodging        | 4 5 6 7 8 |  8.1
Throwing       | |  2.0

Action                   |  1- 3 |  4- 6 |  7- 9 | 10-12 || total
-------------------------+-------+-------+-------+-------++-------
Melee: War axe           |    55 |    15 |    64 |    82 ||   216
       Constrict         |    17 |    21 |    51 |    22 ||   111
       Tentacles         |     9 |    12 |    58 |    22 ||   101
       Hand axe          |       |    51 |   215 |       ||   266
  Use: Potion            |     1 |     1 |     4 |     1 ||     7
       Scroll            |       |     1 |     5 |       ||     6
 Stab: Sleeping          |    10 |     4 |     9 |       ||    23
  Eat: Chunk             |     2 |     4 |    15 |     2 ||    23
       Ration            |       |       |     1 |       ||     1
Armor: Skin              |     4 |     9 |    28 |     5 ||    46
Dodge: Dodged            |    41 |    59 |   187 |    45 ||   332
Block: Other             |       |       |    15 |    13 ||    28
       Reflection        |       |       |       |     1 ||     1
